[Event "Titled Tuesday Blitz July 26 Early 2022"]
[White "Mikhailovsky, Vladimir"]
[Black "Kupervaser, Erez"]
[WhiteFideId "34105414"]
[BlackFideId "2814587"]
[WhiteElo "2303"]
[BlackElo "1832"]
[Result "0-1"]
[Round "05"]
[TimeControl "180+1"]
[Date "2022.07.27"]
[WhiteClock "0:00:04"]
[BlackClock "0:00:07"]

1. e4 c5 2. Nf3 Nc6 3. d4 cxd4 4. Nxd4 Nf6 5. Nc3 e5 6. Ndb5 d6 7. Bg5 a6 8. Na3 b5 9. Nd5 Be7 10. Bxf6 Bxf6 11. c4 b4 12. Nc2 Bg5 13. g3 O-O 14. Bg2 Qa5 15. O-O Qc5 16. Qh5 Bh6 17. b3 a5 18. Kh1 a4 19. Qe2 axb3 20. axb3 Be6 21. Qe1 Rxa1 22. Qxa1 g6 23. Qa4 Kh8 24. Ncxb4 Nxb4 25. Nxb4 Bd2 26. Nc2 Bc3 27. f4 exf4 28. gxf4 f5 29. exf5 Bxf5 30. Ne1 Qe3 31. Nf3 Bd3 32. Rg1 Be4 33. Ng5 Bd4 34. Rf1 Bxg2+ 35. Kxg2 Qe2+ 36. Kg3 Qxf1 37. Nh3 Qe1+ 38. Kg2 Qe2+ 39. Kg3 Qe3+ 40. Kg2 Re8 41. c5 dxc5 42. Qd7 Qe4+ 43. Kg3 Re7 44. Qd8+ Kg7 45. Ng5 Qe3+ 46. Kg4 Qe2+ 47. Kg3 Qf2+ 48. Kh3 Re3+ 49. Kg4 Qg2+ 50. Kh4 Qxh2+ 51. Kg4 h5# 0-1


[Site "https://www.chess.com"]

[Event "Titled Tuesday Blitz July 26 Early 2022"]
[White "Mitrabha, Guha"]
[Black "Koellner, Ruben Gideon"]
[WhiteFideId "5057000"]
[BlackFideId "12993093"]
[WhiteElo "2499"]
[BlackElo "2567"]
[Result "1-0"]
[Round "05"]
[TimeControl "180+1"]
[Date "2022.07.26"]
[WhiteClock "0:00:40"]
[BlackClock "0:00:10"]

1. d4 d6 2. Nf3 Nf6 3. g3 g6 4. Bg2 Bg7 5. O-O O-O 6. c4 Nbd7 7. Nc3 e5 8. h3 c6 9. e4 a6 10. a4 a5 11. Be3 Re8 12. Qc2 Nb8 13. Rad1 Qc7 14. c5 dxc5 15. dxc5 Na6 16. Na2 Be6 17. Nc1 Nd7 18. Nd3 f6 19. Qc3 Bf8 20. Nd2 Be7 21. f4 Red8 22. f5 Bf7 23. g4 g5 24. h4 h6 25. Kf2 Kg7 26. Rh1 Rh8 27. Bf3 Rhd8 28. Rh2 Nb4 29. Nc1 Nf8 30. Rdh1 Rd7 31. Be2 Rad8 32. hxg5 hxg5 33. Rh3 Rd4 34. Ncb3 Rd3 35. Bxd3 Rxd3 36. Qc1 Bxb3 37. Qg1 Bg8 38. Qh2 Qd7 39. Nf1 Rd1 40. Rh8 Qd3 41. Ng3 Qc2+ 42. Kf3 Qxh2 43. R8xh2 Rxh1 44. Rxh1 Nd3 45. Rb1 Nxc5 46. b4 axb4 47. Rxb4 Kf7 48. Bxc5 Bxc5 49. Rxb7+ Ke8 50. Nh5 Nd7 51. Rxd7 Kxd7 52. Nxf6+ Ke7 53. Nxg8+ Kf7 54. Nh6+ Kg7 55. Ke2 Kxh6 56. Kd3 Kg7 57. Kc4 Ba7 58. Kb4 Kf6 59. Ka5 c5 60. Kb5 Ke7 61. a5 Kd6 62. a6 Kd7 63. Kc4 Kc6 64. Kb3 Bb6 65. Kc4 Ba7 66. Kc3 Kb5 67. f6 c4 68. f7 Bd4+ 69. Kc2 Bc5 70. a7 Bxa7 71. f8=Q Be3 72. Qe8+ Kb4 73. Qxe5 Bf4 74. Qe7+ Kb5 75. e5 Kc6 76. e6 Bd6 77. Qd7+ Kc5 78. e7 Bxe7 79. Qxe7+ Kd4 80. Qxg5 1-0


[Site "https://www.chess.com"]

[Event "Titled Tuesday Blitz July 26 Early 2022"]
[White "Nazari, Arad"]
[Black "Castaneda, Jhon David"]
[WhiteFideId "12577324"]
[BlackFideId "4405048"]
[WhiteElo "2129"]
[BlackElo "2152"]
[Result "1-0"]
[Round "05"]
[TimeControl "180+1"]
[Date "2022.07.26"]
[WhiteClock "0:00:24"]
[BlackClock "0:00:30"]

1. e4 c5 2. Nf3 Nc6 3. Bb5 g6 4. Bxc6 dxc6 5. d3 Bg7 6. O-O Nf6 7. h3 Nd7 8. a4 a5 9. Na3 e5 10. Be3 O-O 11. Qd2 Re8 12. c3 b6 13. Rad1 Ba6 14. Rfe1 Nf8 15. d4 exd4 16. cxd4 cxd4 17. Bxd4 Ne6 18. Bxg7 Qxd2 19. Rxd2 Kxg7 20. Rd6 Rac8 21. Ne5 Nc5 22. f4 Nxa4 23. Nxc6 Nxb2 24. Ne5 Na4 25. Rd7 Rf8 26. Rb1 Nc5 27. Ra7 Bb7 28. Rxb6 Bxe4 29. Rxa5 Ne6 30. Rb4 Rc2 31. Rxe4 Rc1+ 32. Kh2 Rc3 33. Nb5 Rc5 34. Nd7 1-0


[Site "https://www.chess.com"]

[Event "Titled Tuesday Blitz July 26 Early 2022"]
[White "Omariev, Maksim"]
[Black "Wieczorek, Oskar"]
[WhiteFideId "4193423"]
[BlackFideId "1133950"]
[WhiteElo "2502"]
[BlackElo "2330"]
[Result "0-1"]
[Round "05"]
[TimeControl "180+1"]
[Date "2022.07.27"]
[WhiteClock "0:00:09"]
[BlackClock "0:00:29"]

1. g4 a5 2. Bg2 Ra6 3. d4 Ra8 4. c4 e6 5. Nc3 c6 6. d5 cxd5 7. cxd5 e5 8. Nf3 d6 9. g5 Ne7 10. h4 Nd7 11. h5 Nc5 12. e4 Bd7 13. Be3 b6 14. Qd2 Nc8 15. O-O-O Qc7 16. Kb1 b5 17. Rc1 b4 18. Ne2 Qb8 19. Ng3 Nb6 20. Bh3 Bxh3 21. Rxh3 Nbd7 22. Rhh1 Qb5 23. Rhd1 Be7 24. g6 hxg6 25. hxg6 fxg6 26. Ng5 Bxg5 27. Bxg5 Nf6 28. f3 Kf7 29. Nf1 Rh3 30. Qg2 Rah8 31. Rd2 Rh1 32. Ne3 Rxc1+ 33. Kxc1 b3 34. a3 Na4 35. Kb1 Qc5 36. Qe2 Rh1+ 37. Rd1 Rxd1+ 38. Qxd1 Qb5 39. Qd2 Nc5 40. Nd1 Qf1 41. Be3 Nfd7 42. Kc1 Nd3+ 43. Kb1 N3c5 44. Kc1 Qxf3 45. Qxa5 Qe2 46. Qd2 Qxd2+ 47. Bxd2 Nxe4 48. Bb4 Nef6 49. Kd2 Nxd5 50. Bxd6 Ke6 51. Bb4 Nxb4 52. axb4 Kd5 53. Kc3 g5 54. Ne3+ Ke4 55. Nc4 g4 56. Nd6+ Kf3 57. Nf5 g3 58. Kxb3 g2 59. Nh4+ Kg3 60. Nxg2 Kxg2 61. Kc4 e4 62. Kd4 Kf3 63. b5 e3 64. Kd5 e2 65. Kc6 Ne5+ 66. Kc7 e1=Q 67. b6 Qc1+ 68. Kb8 Qxb2 69. b7 Nc6+ 70. Ka8 0-1


[Site "https://www.chess.com"]

[Event "Titled Tuesday Blitz July 26 Early 2022"]
[White "Oye-Stromberg, Alexander"]
[Black "Schwabeneder, Florian"]
[WhiteFideId "1525999"]
[BlackFideId "1626191"]
[WhiteElo "1958"]
[BlackElo "2275"]
[Result "1/2-1/2"]
[Round "05"]
[TimeControl "180+1"]
[Date "2022.07.27"]
[WhiteClock "0:00:07"]
[BlackClock "0:00:04"]

1. d4 Nf6 2. c4 c5 3. d5 e5 4. Nc3 d6 5. e4 Nbd7 6. Bd3 a6 7. Nge2 g6 8. O-O Bg7 9. a3 O-O 10. b4 b6 11. Rb1 Nh5 12. Be3 Qf6 13. bxc5 bxc5 14. Na4 Nf4 15. Nb6 Nxb6 16. Rxb6 Qd8 17. Rb3 Nxd3 18. Qxd3 f5 19. f3 fxe4 20. fxe4 Rxf1+ 21. Kxf1 Qc7 22. Kg1 Bf6 23. Rb1 Rb8 24. Rf1 Qe7 25. Bh6 Bd7 26. Ng3 Bg5 27. Bxg5 Qxg5 28. Qf3 Qe7 29. h4 Rf8 30. Qxf8+ Qxf8 31. Rxf8+ Kxf8 32. Kf2 Ke7 33. Ke3 Kd8 34. Ne2 Kc7 35. Kd3 Kb6 36. Nc3 Ka5 37. Nb1 Ka4 38. Kc3 Bg4 39. Kb2 Ka5 40. Kc3 Be2 41. Nd2 Ka4 42. Kb2 h6 43. g3 Bd3 44. Kc3 Be2 45. Kb2 Bd1 46. Ka2 Be2 47. Kb2 1/2-1/2


[Site "https://www.chess.com"]

[Event "Titled Tuesday Blitz July 26 Early 2022"]
[White "Peiris, T G M"]
[Black "Kubicka, Anna"]
[WhiteFideId "9901310"]
[BlackFideId "1152254"]
[WhiteElo "2022"]
[BlackElo "2025"]
[Result "0-1"]
[Round "05"]
[TimeControl "180+1"]
[Date "2022.07.27"]
[WhiteClock "0:00:05"]
[BlackClock "0:00:20"]

1. Nf3 Nf6 2. g3 g6 3. Bg2 Bg7 4. O-O O-O 5. c4 d6 6. Nc3 Nc6 7. d4 e5 8. h3 Re8 9. d5 Ne7 10. e4 c6 11. dxc6 bxc6 12. Qa4 Qc7 13. Rd1 Rd8 14. Be3 Be6 15. Rd2 d5 16. cxd5 cxd5 17. exd5 Nfxd5 18. Nxd5 Nxd5 19. Re1 Nxe3 20. Rxe3 Rxd2 21. Nxd2 Rd8 22. Rc3 Qb6 23. Nc4 Qd4 24. Qc2 Qd1+ 25. Kh2 e4 26. Qxd1 Rxd1 27. Rc2 f5 28. Ne3 Rb1 29. b3 Bd4 30. Rd2 Bb6 31. Nd1 Ba5 32. Rd6 Kf7 33. Ne3 Bb6 34. Rd2 Re1 35. Nc2 Rc1 36. Ne3 Rc3 37. Nd1 Rd3 38. Rxd3 exd3 39. Bf1 d2 40. Kg2 Bd5+ 41. f3 a5 42. Bc4 Bxc4 43. bxc4 Ke6 44. Kf1 Ke5 45. Ke2 Kd4 46. Nb2 Bc7 47. Kxd2 Bxg3 48. Ke2 Bd6 49. Kd2 Ba3 50. Nd1 Kxc4 51. Ne3+ Kc5 52. Kd3 Bb4 53. Nc4 Kd5 54. Ne3+ Ke5 55. Ng2 g5 56. h4 h6 57. hxg5 hxg5 58. Ke3 Bc5+ 59. Ke2 g4 60. fxg4 fxg4 61. Ne1 Ke4 62. Kf1 g3 63. Kg2 Bf2 64. Nc2 Kd3 65. Na3 Kc3 66. Nb5+ Kb2 67. a3 Kb3 68. Kf3 Ka4 69. Nc3+ Kxa3 70. Nd5 Kb2 71. Nb6 Kb3 72. Ke2 a4 73. Nd5 a3 74. Nf4 a2 0-1


[Site "https://www.chess.com"]

[Event "Titled Tuesday Blitz July 26 Early 2022"]
[White "Pichot, Alan"]
[Black "Skliarov, Viktor"]
[WhiteFideId "110973"]
[BlackFideId "14106736"]
[WhiteElo "2579"]
[BlackElo "2257"]
[Result "1-0"]
[Round "05"]
[TimeControl "180+1"]
[Date "2022.07.26"]
[WhiteClock "0:00:42"]
[BlackClock "0:00:04"]

1. e4 c5 2. Nf3 Nc6 3. Bb5 e6 4. Bxc6 bxc6 5. d3 Ne7 6. Qe2 Ng6 7. h4 h5 8. e5 f6 9. Nc3 Qc7 10. exf6 gxf6 11. b3 d5 12. Bb2 Bh6 13. g3 e5 14. Nh2 Be6 15. Bc1 Qa5 16. Bd2 Bxd2+ 17. Qxd2 c4 18. Ne4 Qxd2+ 19. Nxd2 cxd3 20. cxd3 Bf5 21. Rc1 Kd7 22. Ke2 Nf8 23. Rc3 Ne6 24. Rhc1 Nd4+ 25. Ke1 Rhc8 26. Nhf3 Nb5 27. Rc5 Bxd3 28. b4 Nd6 29. Nb3 Nc4 30. Rc3 Be4 31. R5xc4 dxc4 32. Nc5+ Ke7 33. Nxe4 a5 34. a3 axb4 35. axb4 Rcb8 36. Rxc4 Ra4 37. Rxc6 Raxb4 38. Nxf6 Rb2 39. Nd5+ Kd7 40. Nxe5+ Kd8 41. Rd6+ Ke8 42. Re6+ Kf8 43. Nd7+ Kf7 44. Re7+ Kg6 45. Nxb8 Rxb8 46. Kf1 1-0


[Site "https://www.chess.com"]

[Event "Titled Tuesday Blitz July 26 Early 2022"]
[White "Pranav, V"]
[Black "Agasarov, Benik"]
[WhiteFideId "25060783"]
[BlackFideId "13314823"]
[WhiteElo "2380"]
[BlackElo "2716"]
[Result "1-0"]
[Round "05"]
[TimeControl "180+1"]
[Date "2022.07.26"]
[WhiteClock "0:00:06"]
[BlackClock "0:00:22"]

1. d4 Nf6 2. Nf3 d5 3. e3 c5 4. b3 cxd4 5. exd4 Nc6 6. Bb2 Bg4 7. Nbd2 e6 8. h3 Bh5 9. Be2 Be7 10. O-O O-O 11. Ne5 Bxe2 12. Qxe2 Rc8 13. Ndf3 Qc7 14. c4 Rfd8 15. Rac1 Qb8 16. cxd5 Nxd5 17. Nxc6 bxc6 18. Ne5 Qb5 19. Qf3 f6 20. Nc4 c5 21. Rfe1 Qa6 22. dxc5 Bxc5 23. Qg4 e5 24. Red1 Nf4 25. Kf1 Qxa2 26. Rd7 Rxd7 27. Qxd7 Rf8 28. Qb5 Nd3 29. Ra1 a6 30. Qb7 Qxa1+ 31. Bxa1 Rd8 32. Qc7 Rd5 33. Qc6 Nf4 34. Bc3 Rd1+ 35. Be1 Nd3 36. Ke2 Rxe1+ 37. Kxd3 e4+ 38. Kc2 Bxf2 39. Qe8# 1-0


[Site "https://www.chess.com"]

[Event "Titled Tuesday Blitz July 26 Early 2022"]
[White "Prestia, Paris"]
[Black "Meshkovs, Nikita"]
[WhiteFideId "30925959"]
[BlackFideId "11602740"]
[WhiteElo "2614"]
[BlackElo "2506"]
[Result "1/2-1/2"]
[Round "05"]
[TimeControl "180+1"]
[Date "2022.07.26"]
[WhiteClock "0:00:24"]
[BlackClock "0:00:07"]

1. d4 Nf6 2. Bg5 d5 3. e3 Nbd7 4. Nd2 e6 5. Ngf3 Be7 6. Bd3 O-O 7. c3 b6 8. O-O Bb7 9. Ne5 Nxe5 10. dxe5 Nd7 11. Bxe7 Qxe7 12. Nf3 Rad8 13. a4 a5 14. Bc2 f6 15. Qd4 f5 16. Qf4 h6 17. h4 c5 18. Rfd1 Kh7 19. g4 g6 20. g5 h5 21. b4 axb4 22. cxb4 Ba6 23. b5 Bb7 24. a5 bxa5 25. Rxa5 Ra8 26. Rda1 Rxa5 27. Rxa5 Qd8 28. Ra1 Qb6 29. Bd3 Ra8 30. Rxa8 Bxa8 31. Qa4 Bb7 32. Be2 Kg7 33. Kg2 Kf7 34. Kg3 Ke7 35. Kf4 Kd8 36. Nd2 Qc7 37. Nf3 Kc8 38. b6 Qxb6 39. Bb5 Nb8 40. Nd2 Nc6 41. Nf3 Kc7 42. Bxc6 Bxc6 43. Qa3 Kb7 44. Kg3 Bb5 45. Qb3 Be2 46. Qc2 Bxf3 47. Kxf3 Qb4 48. Qa2 c4 49. Ke2 c3 50. Kd3 Qe4+ 51. Kxc3 Qxe5+ 52. Kd2 Qd6 53. Qb2+ Kc6 54. Qg7 e5 55. Qf6 Qxf6 56. gxf6 Kd6 57. f4 exf4 58. exf4 Ke6 59. Kd3 Kxf6 60. Kd4 Ke6 61. Kc5 g5 62. fxg5 f4 63. Kd4 Kf5 64. Kd3 Ke5 65. Ke2 d4 66. Kd3 Kd5 67. Kd2 Ke6 68. Kd3 Ke5 69. Kd2 Kf5 70. Ke2 Ke5 71. Kd3 f3 72. Kd2 Kf5 73. Kd3 Ke5 74. Kd2 Kf5 75. Kd3 Ke6 76. Kd2 Kd5 77. Kd3 Kd6 78. Kd2 Ke7 79. Kd3 Kf7 80. Kd2 Kg6 81. Kd3 Kg7 82. Kd2 Kf8 83. Kd3 Kf7 84. Kd2 Ke7 85. Kd3 Ke6 86. Kd2 Kd6 87. Kd3 Ke5 1/2-1/2


[Site "https://www.chess.com"]

[Event "Titled Tuesday Blitz July 26 Early 2022"]
[White "Przybylski, Wojciech"]
[Black "Blanco Ronquillo, Humberto L."]
[WhiteFideId "1117599"]
[BlackFideId "3504239"]
[WhiteElo "2133"]
[BlackElo "2423"]
[Result "0-1"]
[Round "05"]
[TimeControl "180+1"]
[Date "2022.07.27"]
[WhiteClock "0:00:03"]
[BlackClock "0:00:24"]

1. d4 d5 2. Nf3 e6 3. g3 Nf6 4. Bg2 b5 5. O-O Bb7 6. Nbd2 c5 7. Re1 Nc6 8. a4 b4 9. dxc5 Bxc5 10. Nb3 Bb6 11. Bf4 Ne4 12. Nbd4 Nxd4 13. Nxd4 Qf6 14. Be3 Nd6 15. a5 Bxd4 16. Qxd4 Nc4 17. Qxf6 gxf6 18. Bh6 Ke7 19. b3 Nd6 20. Bd2 Rhc8 21. Rac1 Ba6 22. Bxb4 Rab8 23. Ba3 Kd7 24. Bb2 f5 25. Bd4 Nb5 26. Be5 Nd6 27. c4 Rxb3 28. cxd5 Rxc1 29. Rxc1 Bxe2 30. dxe6+ fxe6 31. Bc6+ Ke7 32. Ba4 Rb4 33. Rc7+ Kd8 34. Rd7+ Kc8 35. Rxd6 Rxa4 36. Kg2 Bc4 37. f3 Bd5 38. Bf6 Kc7 39. Rd8 Rxa5 40. Rh8 Ra2+ 41. Kh3 Bxf3 42. Rxh7+ Kc6 43. Bd4 Bg4+ 44. Kh4 Rxh2+ 45. Kg5 Rxh7 46. Kf4 Rd7 47. Bf2 Kd5 48. Kg5 e5 49. Kf6 Rb7 50. Kg5 a5 51. Kf6 a4 52. Be1 a3 53. Bc3 a2 54. Bxe5 Rb6+ 55. Kg5 Re6 56. Bb2 Ke4 57. Kh4 Rc6 58. Ba1 Rc2 59. Bf6 Rh2+ 60. Kg5 Rh1 61. Bg7 a1=Q 62. Bxa1 Rxa1 63. Kh4 Ra6 64. Kg5 Rb6 65. Kh4 Kf3 66. Kg5 Rb5 67. Kh4 f4 68. gxf4 Rh5# 0-1


[Site "https://www.chess.com"]

[Event "Titled Tuesday Blitz July 26 Early 2022"]
[White "Raja Harshit"]
[Black "Williams, Simon K"]
[WhiteFideId "5089000"]
[BlackFideId "404454"]
[WhiteElo "2338"]
[BlackElo "2468"]
[Result "1-0"]
[Round "05"]
[TimeControl "180+1"]
[Date "2022.07.26"]
[WhiteClock "0:00:17"]
[BlackClock "0:00:01"]

1. e4 e6 2. d4 b6 3. Nc3 Bb7 4. Bd3 g6 5. h4 h6 6. f4 d5 7. exd5 Bb4 8. dxe6 Bxg2 9. Rh2 Bd5 10. h5 g5 11. Qe2 fxe6 12. fxg5 Nc6 13. Bd2 Bxc3 14. bxc3 Qd6 15. g6 Nf6 16. Rf2 Ke7 17. Qe3 b5 18. Nh3 Rhg8 19. Qxh6 Qg3 20. Qf4 Qxh3 21. Qxf6+ Kd7 22. O-O-O 1-0


[Site "https://www.chess.com"]

[Event "Titled Tuesday Blitz July 26 Early 2022"]
[White "Roman, Rodrigo"]
[Black "Seemann, Jakub"]
[WhiteFideId "3701220"]
[BlackFideId "21874697"]
[WhiteElo "2001"]
[BlackElo "2033"]
[Result "1-0"]
[Round "05"]
[TimeControl "180+1"]
[Date "2022.07.27"]
[WhiteClock "0:00:13"]
[BlackClock "0:00:12"]

1. Nf3 Nf6 2. g3 g6 3. Bg2 Bg7 4. O-O O-O 5. d4 d5 6. c3 Nbd7 7. Nbd2 c5 8. Re1 b6 9. e4 dxe4 10. Nxe4 Nxe4 11. Rxe4 Bb7 12. Re1 cxd4 13. Nxd4 Bxg2 14. Kxg2 Nc5 15. Nc6 Qc7 16. Nxe7+ Kh8 17. Qf3 Rad8 18. Bf4 Qd7 19. Nc6 Rc8 20. Ne5 Qf5 21. Nc6 Bf6 22. Bd6 Qxf3+ 23. Kxf3 Rfe8 24. Nxa7 Rxe1 25. Rxe1 Rd8 26. Bxc5 bxc5 27. Nc6 Ra8 28. a3 Kg7 29. Ne7 Rd8 30. Nc6 Ra8 31. Re3 Bg5 32. Re5 Bc1 33. b4 Bxa3 34. Rxc5 Rc8 35. Ke4 Kf6 36. Kd5 Bb2 37. Kc4 Bc1 38. Nd4 Ra8 39. Rc6+ Ke7 40. b5 Ba3 41. b6 Bd6 42. Nb5 Be5 43. f4 Bf6 44. Rc7+ Ke6 45. b7 Rb8 46. Kc5 Bd8 47. Kc6 Bxc7 48. Kxc7 Re8 49. b8=Q Rxb8 50. Kxb8 Kd5 51. Kc7 Kc4 52. Nd6+ Kxc3 53. Nxf7 Kd4 54. Ng5 h5 55. Ne6+ Ke3 56. Nf8 Kf3 57. Nxg6 Kg2 58. f5 Kxh2 59. f6 h4 60. gxh4 Kh1 61. f7 Kh2 62. f8=Q Kg2 63. h5 Kh1 64. h6 Kg2 65. h7 Kg1 66. h8=Q Kg2 67. Qhg7 Kh1 68. Ne7 Kh2 69. Qfh8# 1-0


[Site "https://www.chess.com"]

[Event "Titled Tuesday Blitz July 26 Early 2022"]
[White "Rychagov, Andrey"]
[Black "Melkumyan, Hrant"]
[WhiteFideId "4119932"]
[BlackFideId "13302485"]
[WhiteElo "2481"]
[BlackElo "2604"]
[Result "0-1"]
[Round "05"]
[TimeControl "180+1"]
[Date "2022.07.26"]
[WhiteClock "0:00:18"]
[BlackClock "0:01:09"]

1. d4 Nf6 2. c4 g6 3. Nc3 Bg7 4. e4 d6 5. Nf3 O-O 6. Be2 c5 7. O-O Re8 8. h3 cxd4 9. Nxd4 Nc6 10. Be3 Bd7 11. Qd2 a5 12. b3 a4 13. Rab1 axb3 14. axb3 Qa5 15. Rfd1 Rec8 16. f3 Nxd4 17. Bxd4 Bc6 18. b4 Qd8 19. Bf2 Ra3 20. Rdc1 Rca8 21. Rc2 Qf8 22. Nd5 Nd7 23. Bh4 Bxd5 24. cxd5 h6 25. Bb5 Ne5 26. f4 g5 27. fxg5 Rxh3 28. Qf2 Rxh4 29. Qxh4 Ng6 30. Qg4 hxg5 31. Qxg5 Bf6 32. Qh5 Kg7 33. Bd7 Qd8 34. Qg4 Qb6+ 35. Kf1 Rh8 36. Ke2 Rh4 37. Qg3 Rxe4+ 38. Kd2 Qd4+ 0-1


[Site "https://www.chess.com"]

[Event "Titled Tuesday Blitz July 26 Early 2022"]
[White "Sarana, Alexey"]
[Black "Lubbe, Nikolas"]
[WhiteFideId "24133795"]
[BlackFideId "4694031"]
[WhiteElo "2666"]
[BlackElo "2447"]
[Result "1/2-1/2"]
[Round "05"]
[TimeControl "180+1"]
[Date "2022.07.26"]
[WhiteClock "0:00:09"]
[BlackClock "0:00:12"]

1. c4 e6 2. Nc3 d5 3. d4 Nf6 4. cxd5 exd5 5. Bg5 Be7 6. e3 O-O 7. Bd3 Re8 8. Qc2 h6 9. Bh4 c5 10. Nge2 Nc6 11. dxc5 d4 12. exd4 Nxd4 13. Qd1 Nxe2 14. Bxe2 Qxd1+ 15. Rxd1 Bxc5 16. O-O Be6 17. Bb5 Red8 18. Ne4 Be7 19. Nxf6+ Bxf6 20. Bxf6 gxf6 21. a3 Rac8 22. Ba4 Kg7 23. f3 f5 24. Kf2 Kf6 25. Ke3 f4+ 26. Kf2 Rxd1 27. Rxd1 Rc4 28. Bb3 Rc6 29. Ba4 Rc4 30. Bb3 Rc5 31. Bxe6 Rc2+ 32. Kg1 fxe6 33. Rd4 e5 34. Rd6+ Kf5 35. h4 Rxb2 36. Rxh6 a5 37. a4 Rb4 38. Rh7 b6 39. Rh6 Rxa4 40. Rxb6 Rb4 41. Ra6 a4 42. Kh2 Rd4 43. Kh3 e4 44. Ra5+ Kg6 45. h5+ Kh6 46. fxe4 Rxe4 47. Kg4 Rc4 48. Ra6+ Kh7 49. Kg5 Rb4 50. Ra7+ Kh8 51. h6 Rc4 52. Ra6 Rb4 53. Kg6 Rb8 54. h7 a3 55. Kh6 Rf8 56. Rxa3 Rf6+ 57. Kg5 Rf7 58. Ra6 Kxh7 59. Rh6+ Kg7 60. Rg6+ Kh7 61. Rh6+ Kg7 62. Rh3 Kg8 63. Kg4 Rg7+ 64. Kf3 Kf7 65. Rh4 Rg3+ 66. Kf2 Rg6 67. Rxf4+ Kg7 68. Kf3 Rb6 69. Kg4 Ra6 70. Kh4 Rb6 71. Rf5 Rc6 72. Rg5+ Kh6 73. g3 Rd6 74. Ra5 Rc6 75. Rh5+ Kg6 76. Rh8 Kg7 77. Rd8 Rc4+ 78. g4 Rc1 79. Kh5 Rh1+ 80. Kg5 Rb1 81. Rd7+ Kg8 82. Rd6 Rb7 83. Kh6 Rh7+ 84. Kg6 Rg7+ 85. Kh5 Rh7+ 86. Rh6 Ra7 87. Rf6 Kg7 88. Rc6 Kh7 89. g5 Kg7 90. Rc8 Kh7 91. Rc6 Kg7 92. Rh6 Rb7 93. Rg6+ Kh7 94. Re6 Kg7 95. Re5 Kh7 96. g6+ Kg7 97. Kg5 Rb1 98. Re7+ Kg8 99. Re4 Rg1+ 100. Rg4 Rxg4+ 101. Kxg4 Kg7 102. Kf5 Kg8 103. Kf6 Kf8 104. g7+ Kg8 105. Ke7 Kxg7 1/2-1/2


[Site "https://www.chess.com"]

[Event "Titled Tuesday Blitz July 26 Early 2022"]
[White "Seo, Jung Min"]
[Black "Zemlyanskii, Ivan"]
[WhiteFideId "1734687"]
[BlackFideId "24249971"]
[WhiteElo "2414"]
[BlackElo "1815"]
[Result "1-0"]
[Round "05"]
[TimeControl "180+1"]
[Date "2022.07.26"]
[WhiteClock "0:00:45"]
[BlackClock "0:00:20"]

1. Nf3 Nf6 2. c4 b6 3. d4 e6 4. a3 Bb7 5. Nc3 d5 6. cxd5 Nxd5 7. Qc2 Be7 8. e4 Nxc3 9. bxc3 O-O 10. Bd3 c5 11. O-O Qc7 12. Qe2 Nd7 13. a4 a6 14. Re1 Rfd8 15. Bb2 Nf6 16. h3 Nh5 17. Qe3 Nf4 18. Bf1 Rac8 19. Ne5 Ng6 20. Nf3 h6 21. g3 Qd7 22. h4 Bf8 23. h5 Ne7 24. Ne5 Qc7 25. Bh3 Nc6 26. Nf3 Na5 27. Ne5 cxd4 28. cxd4 Nc4 29. Nxc4 Qxc4 30. d5 exd5 31. Bxc8 Bxc8 32. Qxb6 Rd6 33. Qe3 dxe4 34. Rac1 Qe6 35. Qxe4 Qd7 36. Qe8 Bb7 37. Qxd7 Rxd7 38. Re8 Rd3 39. Bc3 Bc6 40. Rc8 Bd7 41. Rd8 Bf5 42. Rb8 Rxc3 43. Rxc3 g6 44. hxg6 fxg6 45. Rc6 Kf7 46. Rxa6 Be7 47. Ra7 Bd3 48. Rbb7 1-0


[Site "https://www.chess.com"]

[Event "Titled Tuesday Blitz July 26 Early 2022"]
[White "Shtyka, Sergey"]
[Black "Aldokhin, Ivan"]
[WhiteFideId "4138465"]
[BlackFideId "24115720"]
[WhiteElo "1995"]
[BlackElo "2246"]
[Result "1-0"]
[Round "05"]
[TimeControl "180+1"]
[Date "2022.07.27"]
[WhiteClock "0:00:05"]
[BlackClock "0:00:03"]

1. e4 c5 2. Nf3 e6 3. d4 cxd4 4. Nxd4 a6 5. Nc3 Qc7 6. Bd3 Nf6 7. O-O d6 8. Be3 b5 9. a3 Bb7 10. f4 Nbd7 11. Qf3 Be7 12. Rae1 h6 13. Kh1 g5 14. fxg5 hxg5 15. Bxg5 O-O-O 16. Bf4 Ne5 17. Bxe5 dxe5 18. Nb3 Rdg8 19. h3 Nh5 20. Ne2 f5 21. Nd2 f4 22. b4 Bh4 23. Rc1 Ng3+ 24. Nxg3 Rxg3 25. Qe2 Re3 26. Qg4 Kb8 27. Nf3 Bf6 28. Qxe6 Qg7 29. Rf2 Rxe4 30. Bxe4 Bxe4 31. Re1 Bb7 32. Rxe5 Bxe5 33. Qxe5+ Qxe5 34. Nxe5 Rxh3+ 35. Kg1 Rc3 36. Nd3 Kc7 37. Nxf4 Rxa3 38. Kh2 Kd6 39. g4 Ra1 40. Kg3 Ke5 41. Nd3+ Kd4 42. g5 Be4 43. Kf4 Rg1 44. Nc5 Bd5 45. Rd2+ Kc4 46. Nxa6 Bc6 47. Rf2 Rh1 48. Kf5 Rg1 49. Kf6 Bd5 50. Nc7 Be4 51. Rf4 Kd4 52. Nxb5+ Ke3 53. Rxe4+ Kxe4 54. g6 Kd5 55. g7 Kc4 56. Nd6+ Kxb4 57. Ne4 Rg4 58. Ng5 Rf4+ 59. Kg6 Kc3 60. g8=Q Kxc2 61. Qc8+ Kd2 62. Qd7+ Ke3 63. Qe6+ Kd3 64. Qd6+ Ke3 65. Qe5+ 1-0


[Site "https://www.chess.com"]

[Event "Titled Tuesday Blitz July 26 Early 2022"]
[White "Shvedova, Alexandra"]
[Black "Jeet, Jain"]
[WhiteFideId "54154782"]
[BlackFideId "5073022"]
[WhiteElo "1896"]
[BlackElo "2055"]
[Result "0-1"]
[Round "05"]
[TimeControl "180+1"]
[Date "2022.07.27"]
[WhiteClock "0:00:24"]
[BlackClock "0:00:11"]

1. d4 Nf6 2. c4 b6 3. Nc3 d5 4. cxd5 Nxd5 5. e4 Nxc3 6. bxc3 e5 7. d5 Bc5 8. Nf3 Nd7 9. Bb5 O-O 10. O-O Qe7 11. a4 a6 12. Bc6 Rb8 13. Qe2 h6 14. h3 Nf6 15. c4 Nh5 16. Be3 Nf4 17. Bxf4 exf4 18. e5 g5 19. Rad1 Bf5 20. Nh2 Bb4 21. Ng4 Kh7 22. Nf6+ Kg6 23. h4 g4 24. h5+ Kg7 25. Nxg4 Qg5 26. Nf6 Be7 27. Nd7 Bg4 28. f3 Bxd7 29. Bxd7 Bc5+ 30. Kh1 Rbe8 31. Rde1 Be3 32. Bg4 Rxe5 33. Qb2 f6 34. Re2 Qh4+ 35. Bh3 Rxh5 36. Rfe1 Qg3 37. Rxe3 fxe3 38. Rxe3 Rf7 39. Qd2 Re5 40. Re4 Rfe7 41. Be6 Rxe4 42. fxe4 Qh4+ 43. Kg1 Qxe4 44. Qc3 Qe5 45. Qd3 f5 46. Qxf5 Qxf5 47. Bxf5 Re1+ 48. Kf2 Ra1 49. Bc2 Ra2 50. c5 Rxc2+ 51. Ke3 Rxc5 52. Kd4 Ra5 53. Ke5 Rxa4 54. g4 Rxg4 55. Ke6 Rg5 56. Kd7 Rxd5+ 57. Kc8 b5 58. Kb7 c5 59. Ka7 c4 60. Kb8 b4 61. Ka8 a5 62. Kb8 a4 63. Ka8 b3 64. Kb8 a3 65. Kb7 c3 66. Ka7 c2 67. Kb7 Rd2 68. Ka7 b2 69. Kb8 a2 70. Kc8 h5 71. Kb8 h4 72. Ka8 h3 73. Kb7 h2 74. Kb8 h1=Q 75. Ka7 b1=Q 76. Ka6 c1=Q 77. Ka5 Qb3 78. Ka6 Qba3+ 79. Kb6 a1=Q 80. Kb5 Qcb2+ 81. Kc4 Qc6# 0-1


[Site "https://www.chess.com"]

[Event "Titled Tuesday Blitz July 26 Early 2022"]
[White "Sovetbekova, Nurai"]
[Black "Bueno, Alfeu Junior Varela"]
[WhiteFideId "13801910"]
[BlackFideId "2108879"]
[WhiteElo "1646"]
[BlackElo "2162"]
[Result "0-1"]
[Round "05"]
[TimeControl "180+1"]
[Date "2022.07.27"]
[WhiteClock "0:00:09"]
[BlackClock "0:00:09"]

1. d4 e6 2. c4 f5 3. g3 Nf6 4. Bg2 Be7 5. Nc3 O-O 6. d5 Bb4 7. Bd2 e5 8. Nf3 d6 9. O-O a6 10. a3 Ba5 11. Ng5 Qe8 12. Ne6 Bxe6 13. dxe6 c6 14. Be3 Bxc3 15. bxc3 Qxe6 16. c5 d5 17. Qb3 Rf7 18. f4 exf4 19. Bxf4 Qxe2 20. Rae1 Qb5 21. Qc2 Ne4 22. Be3 Nd7 23. Rb1 Qc4 24. Rb4 Qxc3 25. Bxe4 Qxe3+ 26. Kg2 dxe4 27. Rxb7 Qxc5 28. Qxc5 Nxc5 29. Rxf7 Kxf7 30. Rxf5+ Ke6 31. Rxc5 Kd6 32. Rh5 h6 33. Kf2 Rf8+ 34. Ke3 Rf3+ 35. Kxe4 Rxa3 36. Rf5 Ra4+ 37. Kd3 a5 38. Rf7 Rg4 39. Ra7 a4 40. Ke3 h5 41. Kf3 Kc5 42. h3 Kb6 43. Re7 Rg6 44. Re5 a3 45. Re3 Rf6+ 46. Kg2 c5 47. Rxa3 c4 48. Rc3 Kb5 49. g4 hxg4 50. hxg4 Kb4 51. Rc1 c3 52. g5 Rf5 53. Kg3 Rxg5+ 54. Kf4 Rd5 55. Ke4 Rd8 56. Rb1+ Ka3 57. Rb6 c2 58. Rc6 Kb2 59. Rb6+ Kc1 60. Rg6 Kd2 61. Rg2+ Kc3 62. Rg3+ Kb2 63. Rg2 Kb1 64. Rd2 Rxd2 0-1


[Site "https://www.chess.com"]